 Dungeon Crawl Stone Soup version 0.26-a0-976-gd3b5134375 (webtiles) character file.

Game seed: 15974271230929303047

25 Descartes the Sneak (level 2, -3/14 HPs)
             Began as a Felid Delver on Dec 5, 2020.
             Slain by a howler monkey (4 damage)
             ... on level 4 of the Dungeon.
             The game lasted 00:00:36 (88 turns).

Descartes the Sneak (Felid Delver)                    Turns: 88, Time: 00:00:36

Health: -3/14      AC:  1    Str:  8    XL:     2   Next: 86%
Magic:  3/3        EV: 18    Int: 11    God:
Gold:   0          SH:  0    Dex: 17    Spells: 1/1 levels left
                                        Lives:  0   Deaths: 0

rFire    . . .     SeeInvis +     - Unarmed
rCold    . . .     Faith    .   (shield unavailable)
rNeg     . . .     Spirit   .   (armour unavailable)
rPois    .         Reflect  .   (helmet unavailable)
rElec    .         Harm     .   (cloak unavailable)
rCorr    .         Rampage  .   (gloves unavailable)
MR       .....                  (boots unavailable)
Stlth    ++++......             (no amulet)
HPRegen  0.04/turn              (no ring)
MPRegen  0.08/turn              (no ring)

@: quick
A: very small, no armour, no weapons or thrown items, stealth, claws 1, fangs 3,
see invisible, speed 1, shaggy fur 1, sharp paws
a: no special abilities


You were on level 4 of the Dungeon.
You visited 1 branch of the dungeon, and saw 2 of its levels.

Inventory:

Wands
 e - a wand of digging (3)
 f - a wand of flame (10)
Scrolls
 a - a scroll of fog
 b - a scroll of magic mapping
 c - a scroll of fear
Potions
 d - a potion of haste


   Skills:
 - Level 3.0 Fighting
 - Level 2.6 Dodging
 + Level 7.8 Stealth
 - Level 2.0 Unarmed Combat


You had one spell level left.
You didn't know any spells.
Your spell library was empty.

Dungeon Overview and Level Annotations

Branches:
Dungeon (5/15)
 Temple: D:4-7

Altars:

Annotations:
D:5 Duvessa


Innate Abilities, Weirdness & Mutations

You cannot wear armour.
You are incapable of wielding weapons or throwing items.
Your paws allow you to move quietly. (Stealth)
You have sharp claws.
You have razor-sharp teeth.
You have supernaturally acute eyesight. (SInv)
You cover ground quickly.
You are covered in fur. (AC +1)
Your sharp claws are effective at attacking unaware monsters.


Message History

You completely miss the howler monkey. The howler monkey hits you.
You scratch the howler monkey. You bite the howler monkey.
The howler monkey is lightly wounded.
The howler monkey hoots and howls with incredible vigour!
You hear a shout! x5
You scratch the howler monkey.
The howler monkey is moderately wounded.
The howler monkey closely misses you.
You closely miss the howler monkey.
The howler monkey is moderately wounded.
The howler monkey hits you!
Ouch! That really hurt!
* * * LOW HITPOINT WARNING * * *
You scratch the howler monkey but do no damage.
The howler monkey is moderately wounded.
The howler monkey misses you.
You scratch the howler monkey but do no damage.
The howler monkey is moderately wounded.
The howler monkey hits you.
You die...

.... ##. ....
....##..# .....#....
........#.## ##
........#..###..###
#....................
.............@h......
...##....##.##.......
............# .#.....
............#.##.....
.....................
.................. ..
.......>.........# .
........†........#
..................


You could see a howler monkey.

Vanquished Creatures
  An iguana (D:4)
  A leopard gecko zombie (D:5)
2 creatures vanquished.

Notes
Turn   | Place    | Note
-------+----------+-------------------------------------------
     0 | D:5      | Descartes the Felid Delver began the quest for the Orb.
     0 | D:5      | Reached XP level 1. HP: 10/10 MP: 2/2
    30 | D:5      | Noticed a worker ant
    51 | D:5      | Noticed Duvessa
    74 | D:4      | Noticed an iguana
    75 | D:4      | Killed an iguana
    76 | D:4      | Reached skill level 7 in Stealth
    76 | D:4      | Reached XP level 2. HP: 14/14 MP: 3/3
    80 | D:4      | Noticed a howler monkey
    88 | D:4      | Slain by a howler monkey

Illustrated notes

Levels and vault maps discovered:
D:4:      layout_cave_pools, kiku_gazebo_pond_becter, old_standard_altar,
          temple_fountains, uniq_eustachio
D:5:      layout_loops_corners, uniq_edmund, uniq_duvessa

Skill      XL: |  1 |
---------------+----+-----
Stealth        | 7 |  7.8
Fighting       | |  3.0
Dodging        | |  2.6
Unarmed Combat | |  2.0

Action                   || total
-------------------------++-------
Melee: Unarmed           ||     8
       Bite              ||     1
 Stab: Sleeping          ||     2
Dodge: Dodged            ||     3

Table legend: (Time is in decaauts)
 A = Elapsed time spent in this place.
 B = Non-inter-level travel time spent in this place.
 C = Inter-level travel time spent in this place.
 D = Time resting spent in this place.
 E = Time spent auto-exploring this place.
 F = Levels seen in this place.
 G = Mean time per level.
                   A        B        C        D        E       F      G
               +--------+--------+--------+--------+--------+-----+--------+
         Total |     72 |     44 |     28 |      0 |     21 |   2 |   36.0 |
       Dungeon |     72 |     44 |     28 |      0 |     21 |   2 |   36.0 |
               +--------+--------+--------+--------+--------+-----+--------+

Top non-repeatable levels by time:
     D:5: 60 daAuts
     D:4: 12 daAuts
